 Dungeon Crawl Stone Soup version 0.31.0-12-g77e489cdc1 (webtiles) character file.

Game seed: 12066656598901107265

294 NotaViper the Trooper (level 6, -12/66 HPs)
             Began as an Oni Berserker on Feb 27, 2024.
             Was a Follower of Trog (penitent).
             Mangled by a polar bear (20 damage)
             ... created by the rage of Trog
             ... on level 3 of the Dungeon.
             The game lasted 00:09:24 (1997 turns).

NotaViper the Trooper (Oni Berserker)               Turns: 1997, Time: 00:09:25

Health: -12/66     AC:  3    Str: 22    XL:     6   Next: 33%
Magic:  6/6        EV: 10    Int:  8    God:    Trog [*.....]
Gold:   93         SH:  0    Dex: 10    Spells: 4/5 levels left

rFire   . . .        u - +1 hand axe (venom)
rCold   . . .        (no shield)
rNeg    . . .        c - +0 robe
rPois   .            (helmet restricted)
rElec   .            k - scarf {harm}
rCorr   .            (gloves unavailable)
SInv    .            (boots unavailable)
Will    .....        (no amulet)
Stlth   +            (no ring)
HPRegen 0.31/turn    (no ring)
MPRegen 0.10/turn

%: harm (+30% outgoing, +20% incoming)
@: no status effects
A: large, unfitting armour, horns 1, tough skin 1, double potion healing,
drunken brawling
a: Renounce Religion


You were on level 3 of the Dungeon.
You worshipped Trog.
Trog was demanding penance.
You visited 1 branch of the dungeon, and saw 3 of its levels.

You collected 93 gold pieces.

Inventory:

Hand Weapons
 a - a +0 mace
 e - a +0 whip
 u - a +1 hand axe of venom (weapon)
 z - a +0 scythe
Missiles
 d - 5 boomerangs
 i - 23 stones (quivered)
 x - a throwing net
Armour
 b - a +0 animal skin
 c - a +0 robe (worn)
 j - a +0 ring mail
 k - a scarf of harm (worn)
 p - a +0 helmet
 A - a +0 robe
Scrolls
 f - a scroll of teleportation
 l - a scroll of brand weapon
 n - a scroll of torment {unknown}
 r - a scroll of amnesia {unknown}
 s - a scroll of noise {unknown}
 t - a scroll of fear {unknown}
 y - a scroll of enchant armour {unknown}
 C - a scroll of blinking {unknown}
Potions
 g - 2 potions of cancellation {unknown}
 h - a potion of ambrosia {unknown}
 o - a potion of invisibility {unknown}
 q - a potion of berserk rage {unknown}
 v - a potion of mutation {unknown}
 w - a potion of brilliance {unknown}
 B - a potion of heal wounds {unknown}


   Skills:
 + Level 5.6 Fighting
 + Level 1.1(3.2) Axes
 + Level 4.9(5.0) Maces & Flails
 + Level 3.8 Dodging
 + Level 1.1 Stealth


You had 4 spell levels left.
You knew the following spells:

 Your Spells              Type           Power      Damage    Failure   Level
a - Freeze                Ice            0%         1d3       41%         1

Your spell library contained the following spells:

 Spells                   Type           Power      Damage    Failure   Level
 Frozen Ramparts          Ice            0%         1d1       78%         3
 Hailstorm                Conj/Ice       0%         3d5       78%         3


Dungeon Overview and Level Annotations

Branches:
Dungeon (3/15)

Altars:

Shops:
D:1 =


Innate Abilities, Weirdness & Mutations

You are too large for most types of armour.
You have a pair of small horns on your head.
You have tough skin. (AC +1)
You gain doubled healing and magic from potions.
Whenever you drink a healing potion, you attack all around you.


Message History

The orc is almost dead.
You hit the bat.
You kill the bat!
Trog accepts your kill. The orc misses you.
You hit the orc.
You kill the orc!
Trog accepts your kill.
Found a stone staircase leading up.
Things that are here:
a +0 whip; a +0 chain mail You now have 93 gold pieces (gained 12).
An orc comes into view.
It is wielding a +0 short sword and wearing a +0 ring mail of fire resistance.
The orc shouts!
You hear a shout!
You hear an angry hiss.
An orc comes into view. It is wielding a +0 club.
The orc moves out of view.
You hear a shout!
Trog sends monsters to punish you. 3 polar bears come into view.
You barely miss the polar bear.
The orc shouts!
Your headbutt misses the polar bear.
You hit the polar bear but do no damage.
You hit the polar bear.
The polar bear is poisoned.
The polar bear is lightly wounded.
You hit the polar bear but do no damage.
The polar bear is poisoned.
The polar bear bites you! The polar bear claws you.
The polar bear claws you but does no damage.
The polar bear bites you! The polar bear claws you. x2
You slash the polar bear!
The polar bear looks as sick as possible!
The polar bear is moderately wounded.
You hit the polar bear but do no damage.
The polar bear looks even sicker.
The polar bear bites you!!
* * * LOW HITPOINT WARNING * * *
The polar bear claws you but does no damage.
The polar bear claws you.
* * * LOW HITPOINT WARNING * * *
The polar bear bites you!
You die...

.........
.#######.# .# .#
#.# . .. .# ###.##
.# .# ## .# #....
.. ....# .#
#.#.##.# .#.# .#
#..... ... .#
#..†########.#
.#####..).)...hh@h#
........###########
.......## .#######
##


You could see 3 polar bears.

Vanquished Creatures
  Sigmund (D:2)
  A bombardier beetle (D:3)
  An orc priest (D:3)
  An adder (D:2)
  A ribbon worm (D:2)
  5 orcs (D:3)
  6 bats
  3 endoplasms
  A giant cockroach (D:2)
  4 goblins
  2 hobgoblins
  5 jackals (D:2)
  3 kobolds
  2 quokkas
  5 ball pythons
  3 frilled lizards
  3 rats
47 creatures vanquished.

Notes
Turn   | Place    | Note
-------+----------+-------------------------------------------
     0 | D:1      | NotaViper the Oni Berserker began the quest for the Orb.
     0 | D:1      | Reached XP level 1. HP: 24/24 MP: 1/1
   122 | D:1      | Reached XP level 2. HP: 30/32 MP: 2/2
   195 | D:1      | Found Hon Zaed's Jewellery Shop.
   785 | D:2      | Reached XP level 3. HP: 37/40 MP: 3/3
   927 | D:2      | Reached ** piety under Trog
  1214 | D:2      | Noticed Sigmund
  1223 | D:2      | Killed Sigmund
  1224 | D:2      | Reached skill level 5 in Fighting
  1224 | D:2      | Reached XP level 4. HP: 37/50 MP: 4/4
  1224 | D:2      | Reached XP level 5. HP: 43/57 MP: 5/5
  1641 | D:2      | Was placed under penance by Trog
  1643 | D:2      | Learned a level 1 spell: Freeze
  1665 | D:3      | Reached XP level 6. HP: 66/66 MP: 6/6
  1886 | D:3      | Reached skill level 1 in Stealth
  1891 | D:3      | Reached skill level 1 in Axes
  1995 | D:3      | Noticed a polar bear
  1995 | D:3      | Noticed a polar bear
  1995 | D:3      | Noticed a polar bear
  1997 | D:3      | Mangled by a polar bear

Illustrated notes

Levels and vault maps discovered:
D:1:      minmay_arrival_arboretum_small, layout_basic, serial_shops,
          nicolae_shop_temple_entry_statues_fountains
D:2:      layout_basic, uniq_sigmund
D:3:      layout_loops_ring, st_stairs_10, kennysheep_generic_room_5

Skill      XL: |  1  2  3  4  5  6 |
---------------+-------------------+-----
Dodging        | 3 |  3.8
Fighting       | 5 |  5.6
Maces & Flails | 4 |  4.9
Stealth        | 1 |  1.1
Axes           | 1 |  1.1

Action                     |  1- 3 |  4- 6 || total
---------------------------+-------+-------++-------
  Melee: Mace              |    83 |       ||    83
         Headbutt          |     8 |     6 ||    14
         Hand axe          |    10 |    45 ||    55
    Use: Scroll            |       |     4 ||     4
   Stab: Sleeping          |       |     1 ||     1
 Armour: Robe              |    70 |    55 ||   125
         Animal skin       |     6 |       ||     6
         Skin              |     2 |       ||     2
  Dodge: Dodged            |    61 |    24 ||    85
